 Dungeon Crawl Stone Soup version 0.25.1-2-g60ff931df9 (webtiles) character file.

Game seed: 118533576304294209

10458 gruber the Frost Mage (level 11, -14/74 HPs)
             Began as a Purple Draconian Ice Elementalist on Nov 10, 2020.
             Was a Priest of Vehumet.
             Shot with an arrow by Nessos (22 damage)
             ... on level 12 of the Dungeon.
             The game lasted 00:20:53 (12432 turns).

gruber the Frost Mage (DrIE)                       Turns: 12432, Time: 00:20:54

Health: -14/74     AC: 10    Str: 11    XL:     11   Next: 36%
Magic:  9/24       EV: 12    Int: 18    God:    Vehumet [***...]
Gold:   754        SH:  0    Dex: 12    Spells: 2/28 levels left

rFire    . . .     SeeInvis .   m - +4 dagger (freeze)
rCold    . . .     Gourm    .   (no shield)
rNeg     . . .     Faith    .   (armour unavailable)
rPois    .         Spirit   .   (helmet restricted)
rElec    .         Reflect  .   F - +0 cloak
rCorr    .         Harm     .   P - +1 pair of gloves
MR       ++...                  (no boots)
Stlth    +++.......             j - amulet of regeneration
HPRegen  0.62/turn              q - ring of stealth
MPRegen  0.19/turn              A - ring of protection from magic

@: lethally poisoned (-14 -> -15), frozen ramparts
A: breathe power, unfitting armour, cold-blooded, AC +7
a: Breathe Dispelling Energy, Renounce Religion


You were on level 12 of the Dungeon.
You worshipped Vehumet.
Vehumet was most pleased with you.
You were very hungry.

You visited 2 branches of the dungeon, and saw 13 of its levels.

You collected 902 gold pieces.
You spent 148 gold pieces at shops.

Inventory:

Hand Weapons
 m - a +4 dagger of freezing (weapon)
 r - a +1 short sword of venom
 C - a +0 vampiric hand axe
Missiles
 h - 35 poisoned darts (quivered)
 k - 4 curare-tipped darts
 I - 3 throwing nets
Armour
 F - a +0 cloak (worn)
 P - a +1 pair of gloves (worn)
Magical Staves
 N - an uncursed staff of wizardry
Jewellery
 j - an amulet of regeneration (around neck)
 o - an uncursed amulet of faith
 q - a ring of stealth (left hand)
 A - a ring of protection from magic (right hand)
 Q - a +6 ring of intelligence {unknown}
 T - an uncursed ring of protection from cold {unknown}
 U - a cursed amulet of inaccuracy {unknown}
 V - an uncursed ring of protection from magic
 W - an uncursed amulet of guardian spirit {unknown}
Wands
 i - a wand of paralysis (1)
 y - a wand of random effects (31)
 E - a wand of flame (13)
 G - a wand of polymorph (12)
Scrolls
 c - 4 scrolls of teleportation {unknown}
 d - 8 scrolls of identify {unknown}
 e - 6 scrolls of remove curse {unknown}
 f - 6 scrolls of blinking {unknown}
 l - 4 scrolls of magic mapping {unknown}
 s - a scroll of enchant weapon {unknown}
 t - 3 scrolls of immolation {unknown}
 u - a scroll of amnesia {unknown}
 v - 5 scrolls of fog {unknown}
 w - 2 scrolls of random uselessness {unknown}
 J - a scroll of brand weapon {unknown}
 L - 2 scrolls of noise {unknown}
 M - a scroll of enchant armour {unknown}
Potions
 a - a potion of mutation {unknown}
 g - 3 potions of heal wounds {unknown}
 n - 2 potions of brilliance {unknown}
 p - a potion of cancellation {unknown}
 x - 2 potions of lignification {unknown}
 z - 2 potions of might {unknown}
 B - a potion of stabbing {unknown}
 D - 2 potions of flight {unknown}
 H - 6 potions of curing
 K - 2 potions of degeneration {unknown}
 O - a potion of ambrosia {unknown}
 R - a potion of resistance {unknown}
 S - a potion of invisibility {unknown}
Comestibles
 b - 24 rations


   Skills:
 - Level 1.7 Dodging
 - Level 1.7 Stealth
 * Level 9.2 Spellcasting
 - Level 4.0 Charms
 - Level 6.1 Summonings
 - Level 14.2 Ice Magic


You had 2 spell levels left.
You knew the following spells:

 Your Spells              Type           Power        Failure   Level  Hunger
a - Freeze                Ice            ####         1%          1    None
b - Frozen Ramparts       Ice            ######       1%          3    None
c - Ozocubu's Armour      Chrm/Ice       #####...     1%          3    None
d - Hailstorm             Conj/Ice       ####....     1%          4    ###....
e - Summon Ice Beast      Ice/Summ       #####...     1%          4    ###....
f - Metabolic Englaciati  Hex/Ice        ####......   13%         5    #####..
g - Freezing Cloud        Conj/Ice/Air   ####......   41%         6    ######.

Your spell library contained the following spells:

 Spells                   Type           Power        Failure   Level  Hunger
 Conjure Flame            Conj/Fire      #.......     7%          3    None
 Ensorcelled Hibernation  Hex/Ice        ####..       1%          2    None
 Corona                   Hex            #......      9%          1    None
 Poisonous Vapours        Pois/Air       #.....       13%         2    None
 Dazzling Flash           Conj/Hex       #.....       7%          3    None
 Mephitic Cloud           Conj/Pois/Air  #.......     7%          3    None
 Confusing Touch          Hex            #.......     26%         3    None
 Gell's Gravitas          Tloc           #.........   26%         3    None
 Tukima's Dance           Hex            #.......     26%         3    None
 Yara's Violent Unravell  Hex/Tmut       #.........   50%         5    #####..
 Petrify                  Tmut/Erth      #.......     65%         4    ###....
 Ring of Flames           Chrm/Fire      ###.......   100%        7    #######


Dungeon Overview and Level Annotations

Branches:
Dungeon (12/15)            Temple (1/1) D:7            Lair (0/6) D:9
    Orc (0/2) D:10

Altars:
Ashenzari
Cheibriados
Dithmenos
Elyvilon
Gozag
Hepliaklqana
Kikubaaqudgha
Makhleb
Nemelex Xobeh
Okawaru
Qazlal
Ru
Sif Muna
Trog
Uskayaw
Vehumet
Wu Jian
Xom
Yredelemnul
Zin
The Shining One

Shops:
D:6 (}   D:7 [

Portals:
Trove: D:10 (give 4 potions of resistance)

Annotations:
D:12 Nessos


Innate Abilities, Weirdness & Mutations

You can breathe bolts of dispelling energy.
Your rich purple scales are hard. (AC +7)
You cannot fit into any form of body armour.
You are cold-blooded and may be slowed by cold attacks.


Message History

You feel sick.
Nessos is engulfed in freezing vapours. x2
Unknown command.
Unknown command.
Unknown command.
You feel sick.
Nessos is engulfed in freezing vapours. x2
You feel sick.
Nessos is engulfed in freezing vapours. x2
The wall freezes the orc priest!
You kill the orc priest!
Vehumet accepts your kill.
You feel sick.
You feel sick.
You feel sick.
Nessos is no longer paralysed.
Nessos shoots an arrow.
The arrow hits you!
* * * LOW HITPOINT WARNING * * *
The arrow burns you!
* * * LOW HITPOINT WARNING * * *
Nessos blinks!
You see here an arrow.
You feel sick.
Nessos shoots an arrow.
The arrow hits you!!
You die...

........#....#......#
........#....#......#
........#....#......# .
........#....#......# ..
........#....########...
........#....#...>....
........#....#...§..#
........#....#....○.#
........#....#..@)..#
........#....#[(....#
#....#......#
#....(......#
#.........c.#
######......# .......#
.#......# #...%..#


You could see Nessos (fast).

Vanquished Creatures
  A hydra (D:9)
  Harold (D:8)
  Pikel (D:7)
  Maurice (D:8)
  A centaur skeleton (D:12)
  A hornet (D:10)
  3 slime creatures (D:7)
  12 yaks
  A wraith (D:11)
  Edmund (D:6)
  3 water moccasins
  5 orc warriors
  3 slaves (D:7)
  A phantom (D:9)
  2 ogres
  2 sky beasts
  3 centaurs
  A crocodile (D:7)
  7 big kobolds
  Blork the orc (D:5)
  3 bullfrogs
  2 scorpions
  2 killer bees (D:9)
  A wight (D:10)
  A howler monkey (D:6)
  2 bullfrog zombies
  3 crimson imps
  2 centaur zombies
  5 hounds
  8 jellies
  8 orc priests
  4 iguanas
  7 orc wizards
  7 worker ants
  A hound zombie (D:9)
  8 adders
  2 shadow imps
  7 oozes
  3 worms
  A dart slug (D:3)
  4 leopard geckos
  38 orcs
  2 bats (D:3)
  4 giant cockroaches
  10 hobgoblins
  10 jackals
  31 kobolds
  3 quokkas
  A ball python (D:1)
  6 frilled lizards
  5 goblins
  A leopard gecko skeleton (D:5)
  5 rats
248 creatures vanquished.

Vanquished Creatures (collateral kills)
  Psyche (D:8)
  2 dream sheep (D:9)
  A hippogriff (D:11)
  2 wraiths (D:10)
  3 yaks
  An acid dragon (D:11)
  A water moccasin (D:9)
  An ice beast (D:10)
  A black bear (D:9)
  2 phantoms
  A necrophage (D:10)
  A big kobold (D:9)
  A wyvern zombie (D:11)
  4 wights (D:10)
  2 killer bees (D:9)
  A crimson imp (D:9)
  A bullfrog zombie (D:10)
  A hound (D:10)
  A hound zombie (D:10)
  A shadow imp (D:11)
  An orc (D:11)
  A quokka (D:10)
31 creatures vanquished.

Vanquished Creatures (others)
  A slave (D:7)
  6 fungi (D:7)
  9 toadstools (D:7)
16 creatures vanquished.

Grand Total: 295 creatures vanquished

Notes
Turn   | Place    | Note
-------+----------+-------------------------------------------
     0 | D:1      | gruber the Draconian Ice Elementalist began the quest for
                  | the Orb.
     0 | D:1      | Reached XP level 1. HP: 14/14 MP: 3/3
   270 | D:1      | Reached XP level 2. HP: 14/20 MP: 0/5
   969 | D:2      | Reached skill level 5 in Ice Magic
   989 | D:2      | Reached XP level 3. HP: 20/26 MP: 3/6
  1165 | D:2      | Learned a level 3 spell: Frozen Ramparts
  1698 | D:3      | Reached XP level 4. HP: 33/33 MP: 5/7
  2097 | D:3      | Found a glowing silver altar of Zin.
  2138 | D:3      | Reached skill level 6 in Ice Magic
  2527 | D:4      | Reached XP level 5. HP: 36/38 MP: 4/8
  2828 | D:4      | Reached skill level 7 in Ice Magic
  3329 | D:5      | Entered Level 5 of the Dungeon
  3345 | D:5      | Found a shattered altar of Ashenzari.
  3360 | D:5      | Found a shadowy altar of Dithmenos.
  3365 | D:5      | Reached XP level 6. HP: 45/45 MP: 5/9
  3427 | D:5      | Reached skill level 8 in Ice Magic
  3723 | D:5      | Noticed Blork the orc
  3732 | D:5      | Killed Blork the orc
  3732 | D:5      | Your scales start taking on a rich purple colour.
  3732 | D:5      | Reached XP level 7. HP: 31/50 MP: 6/10
  3938 | D:4      | Learned a level 3 spell: Ozocubu's Armour
  4852 | D:6      | Reached skill level 5 in Spellcasting
  4991 | D:6      | Reached skill level 1 in Charms
  5251 | D:6      | Found Muvoq's Gadget Emporium.
  5252 | D:6      | Noticed Edmund
  5262 | D:6      | Killed Edmund
  5262 | D:6      | Reached XP level 8. HP: 57/57 MP: 13/16
  5694 | D:6      | Reached skill level 9 in Ice Magic
  5876 | D:6      | Found Akaterep's Weapon Boutique.
  6218 | D:7      | Found a sparkling altar of Nemelex Xobeh.
  6247 | D:6      | Reached skill level 10 in Ice Magic
  6312 | D:7      | Found Footsuo's Antique Armour Shoppe.
  6323 | D:7      | Noticed Pikel
  6331 | D:7      | Killed Pikel
  6331 | D:7      | Reached skill level 11 in Ice Magic
  6331 | D:7      | Reached XP level 9. HP: 62/62 MP: 14/17
  6358 | D:7      | Bought a pair of gloves for 148 gold pieces
  6627 | D:7      | Reached skill level 12 in Ice Magic
  6989 | D:7      | Found a stormy altar of Qazlal.
  7005 | D:7      | Found a staircase to the Ecumenical Temple.
  7014 | Temple   | Entered the Ecumenical Temple
  7100 | Temple   | Became a worshipper of Vehumet
  7561 | D:8      | Noticed Psyche
  7642 | D:8      | Noticed Maurice
  7657 | D:8      | Learned a level 4 spell: Hailstorm
  7662 | D:8      | Learned a level 4 spell: Summon Ice Beast
  7885 | D:8      | Reached skill level 13 in Ice Magic
  7897 | D:8      | Killed Maurice
  7897 | D:8      | Reached XP level 10. HP: 37/69 MP: 0/18
  8043 | D:8      | Noticed Harold
  8228 | D:8      | Killed Harold
  8237 | D:8      | Killed Psyche
  8536 | D:9      | Reached skill level 14 in Ice Magic
  8538 | D:9      | Reached skill level 1 in Summonings
  8570 | D:9      | Reached * piety under Vehumet
  8570 | D:9      | Offered knowledge of Magic Dart by Vehumet.
  8687 | D:9      | Noticed a two-headed hydra
  8697 | D:9      | Killed a two-headed hydra
  8883 | D:9      | Reached skill level 5 in Summonings
  9032 | D:9      | Found a staircase to the Lair.
  9479 | D:9      | Found an iron altar of Okawaru.
  9550 | D:10     | Entered Level 10 of the Dungeon
  9833 | D:10     | Found a portal to a secret trove of treasure.
 10271 | D:10     | Offered knowledge of Foxfire by Vehumet.
 10286 | D:10     | Reached ** piety under Vehumet
 10286 | D:10     | Reached XP level 11. HP: 74/74 MP: 11/20
 10620 | D:10     | Found a staircase to the Orcish Mines.
 11878 | D:11     | Offered knowledge of Conjure Flame by Vehumet.
 11885 | D:11     | Learned a level 5 spell: Metabolic Englaciation
 12079 | D:11     | Reached *** piety under Vehumet
 12341 | D:12     | Learned a level 6 spell: Freezing Cloud
 12415 | D:12     | Noticed Nessos
 12432 | D:12     | Shot with an arrow by Nessos

Illustrated notes

Levels and vault maps discovered:
D:1:      roderic_chinese_lattice_arrival, layout_basic, minivault_25
D:2:      layout_rooms
D:3:      layout_basic, lemuel_crystal_altar, minmay_fractal_squares_gapless_5
D:4:      layout_loops_ring, first_ration
D:5:      layout_basic, nicolae_dithmenos_through_a_glass_darkly,
          kennysheep_little_box, uniq_blork_the_orc
D:6:      layout_layer_cave, serial_shops, nicolae_shop_waterfront,
          kennysheep_mini_moat, uniq_edmund
D:7:      cheibrodos_fertilizer, layout_basic, lemuel_crystal_altar,
          nemelex_xobeh_ov_fountains_minmay, minmay_temple_entry_antechambers,
          serial_shops, nicolae_shop_overgrown_old_shop, uniq_pikel
D:8:      layout_cave_pools, uniq_harold, uniq_psyche, uniq_maurice
D:9:      layout_cave_pools, kennysheep_mini, lair_entry_dummy, hangedman_ranch
          [blue_anna_fruit_fields]
D:10:     layout_loops_ring, orc_0_dummy, enter_trove_6,
          roderic_serpentine_path, lemuel_old_faithful
D:11:     layout_rooms
D:12:     layout_grid_maze, uniq_nessos
Temple:   eino_temple_rhombus

Skill      XL: |  1  2  3  4  5  6  7  8  9 10 11 |
---------------+----------------------------------+-----
Ice Magic      | 5 6 7 8 11 13 14 | 14.2
Spellcasting   | 5 6 9 |  9.2
Charms         | 4 |  4.0
Summonings     | 6 |  6.1
Dodging        | |  1.7
Stealth        | |  1.7

Action                   |  1- 3 |  4- 6 |  7- 9 | 10-12 || total
-------------------------+-------+-------+-------+-------++-------
Melee: Unarmed           |    23 |       |       |       ||    23
       Tailslap          |     6 |     9 |    17 |    17 ||    49
       Dagger            |    24 |     6 |     9 |   115 ||   154
       Short sword       |     3 |    94 |   156 |     5 ||   258
       Staff             |       |       |       |    31 ||    31
Throw: Dart              |       |       |     6 |       ||     6
 Cast: Freeze            |    29 |     1 |     4 |     6 ||    40
       Frozen Ramparts   |     1 |    18 |    42 |    42 ||   103
       Ozocubu's Armour  |       |       |     4 |       ||     4
       Hailstorm         |       |       |     1 |     7 ||     8
       Summon Ice Beast  |       |       |       |    56 ||    56
       Metabolic Englaci |       |       |       |     5 ||     5
       Freezing Cloud    |       |       |       |     1 ||     1
 Abil: Breathe Dispellin |       |       |     3 |       ||     3
Evoke: Wand              |       |       |     5 |     2 ||     7
 Stab: Sleeping          |     1 |     4 |     2 |     1 ||     8
       Distracted        |       |       |     1 |       ||     1
  Eat: Chunk             |     3 |     8 |    10 |    18 ||    39
       Ration            |       |       |     2 |     2 ||     4
Armor: Skin              |    18 |    24 |    67 |    68 ||   177
Dodge: Dodged            |    40 |    74 |   108 |   132 ||   354
